 Dungeon Crawl Stone Soup version 0.30-a0-782-ge64f9170bb (webtiles) character file.

Game seed: 17839904429447189127

73717 Lavandula the Basher (level 15, -6/108 HPs)
             Began as a Human Monk on Feb 21, 2023.
             Was a Priest of Elyvilon.
             Mangled by a death yak (7 damage)
             ... on level 5 of the Lair of Beasts on Feb 22, 2023.
             The game lasted 00:51:50 (27836 turns).

Lavandula the Basher (Human Monk)                  Turns: 27836, Time: 00:51:50

Health: -6/108     AC: 27    Str: 18    XL:     15   Next: 91%
Magic:  0/22       EV: 11    Int: 12    God:    Elyvilon [***...]
Gold:   735        SH: 13    Dex: 15    Spells: 14/14 levels left

rFire   + . .      SeeInvis .    W - +9 flail (protect)
rCold   + . .      Faith    .    S - +1 kite shield {reflect}
rNeg    . . .      Spirit   +    H - +5 plate armour {ponderous}
rPois   .          Reflect  +    C - +2 hat {Will+}
rElec   .          Harm     .    Y - scarf {rC+ rF+}
rCorr   .          Rampage  .    g - +0 pair of gloves
Will    ++...                    d - +0 pair of boots Stlth
                                 v - amulet "Fokie" {Spirit +Blink}
HPRegen 0.38/turn                N - +4 ring of protection
MPRegen 0.18/turn                B - +5 ring of evasion

@: slow
A: no striking features
a: Renounce Religion, Evoke Blink, Purification, Heal Other, Heal Self


You were on level 5 of the Lair of Beasts.
You worshipped Elyvilon.
Elyvilon was most pleased with you.
You visited 3 branches of the dungeon, and saw 20 of its levels.
You also visited: Trove, Bailey and Ice Cave.

You collected 1234 gold pieces.
You spent 499 gold pieces at shops.

Inventory:

Hand Weapons
 K - a +1 long sword of holy wrath
 R - a +1 scimitar of flaming
 W - a +9 flail of protection (weapon)
Missiles
 l - a throwing net
 s - 43 poisoned darts (quivered)
 u - 2 curare-tipped darts
 x - 15 boomerangs
 P - 2 datura-tipped darts
Armour
 d - a +0 pair of boots (worn)
 g - a +0 pair of gloves (worn)
 o - a +1 crystal plate armour of cold resistance
 C - a +2 hat of willpower (worn)
 H - a +5 plate armour of ponderousness (worn)
 O - a +2 cloak
 S - a +1 kite shield of reflection (worn)
 U - a +0 kite shield of cold resistance
 Y - a scarf of resistance (worn)
Jewellery
 b - the ring of Linearity {Ice rPois rN+ Str-3}
   (You found it in a treasure trove)

   [ring of ice]

   It enhances your ice magic.
   Str:       It affects your strength (-3).
   rF:        It makes you vulnerable to fire.
   rC:        It protects you from cold.
   rPois:     It protects you from poison.
   rN:        It protects you from negative energy.
 h - the ring "Durem" {rPois rN+ Will+ Int-5 Dex+3}
   (You found it in a treasure trove)

   [ring of willpower]

   Int:       It affects your intelligence (-5).
   Dex:       It affects your dexterity (+3).
   rPois:     It protects you from poison.
   rN:        It protects you from negative energy.
   Will:      It increases your willpower.
 k - the ring of Feriampu {rElec rC+}
   (You found it in a treasure trove)

   [ring of protection from cold]

   rC:        It protects you from cold.
   rElec:     It insulates you from electricity.
 v - the amulet "Fokie" (around neck) {Spirit +Blink}
   (You found it in a treasure trove)

   [amulet of guardian spirit]

   It causes incoming damage to be divided between your reserves of health and
   magic.
   +Blink:    It lets you blink.
 B - a +5 ring of evasion (right hand)
 N - a +4 ring of protection (left hand)
 Q - the amulet "Gips" {Reflect Harm rPois rN+ Int-4 SH+5}
   (You found it in a treasure trove)

   [amulet of reflection]

   It reflects blocked missile attacks.
   Int:       It affects your intelligence (-4).
   rPois:     It protects you from poison.
   rN:        It protects you from negative energy.
   SH:        It affects your SH (+5).
   Harm:      It increases damage dealt and taken.
 X - the ring of Ikhleramm {Drain rF+ rN+ Str+4}
   (You found it in a treasure trove)

   [ring of positive energy]

   Str:       It affects your strength (+4).
   rF:        It protects you from fire.
   rN:        It protects you from negative energy.
   Drain:     It drains your maximum health when unequipped.
 Z - a ring of protection from cold
Wands
 r - a wand of charming (18)
 y - a wand of acid (14)
 J - a wand of mindburst (10)
 L - a wand of roots (1)
 T - a wand of flame (15)
 V - a wand of polymorph (3)
Scrolls
 a - a scroll of amnesia
 f - 2 scrolls of silence
 j - a scroll of brand weapon
 m - 4 scrolls of poison
 t - 3 scrolls of butterflies
 D - 4 scrolls of vulnerability
Potions
 c - 5 potions of ambrosia
 e - 2 potions of invisibility
 i - 4 potions of lignification
 n - 6 potions of curing
 p - 2 potions of brilliance
 q - a potion of mutation
 w - a potion of cancellation {unknown}
 z - a potion of resistance
 A - 6 potions of haste
 E - a potion of berserk rage
 F - 3 potions of flight
 G - 5 potions of magic
 I - 4 potions of heal wounds
 M - 2 potions of attraction


   Skills:
 + Level 7.4 Fighting
 - Level 8.1(10.4) Short Blades
 - Level 10.2(11.4) Long Blades
 - Level 13.1 Maces & Flails
 - Level 7.9 Armour
 - Level 3.0 Dodging
 - Level 2.0 Stealth
 - Level 12.0 Shields
 - Level 9.8 Invocations
 - Level 9.6 Evocations


You had 14 spell levels left.
You didn't know any spells.
Your spell library contained the following spells:

 Spells                   Type           Power      Damage    Failure   Level
 Apportation              Tloc           0%         N/A       100%        1
 Magic Dart               Conj           0%         1d3       100%        1
 Necrotise                Necr           0%         1d4       100%        1
 Shock                    Conj/Air       0%         1d3       100%        1
 Sting                    Tmut/Pois      0%         1d3       100%        1
 Summon Small Mammal      Summ           0%         N/A       100%        1
 Call Imp                 Summ           0%         N/A       100%        2
 Ensorcelled Hibernation  Hex/Ice        0%         N/A       100%        2
 Poisonous Vapours        Pois/Air       0%         N/A       100%        2
 Scorch                   Fire           0%         2d5       100%        2
 Static Discharge         Conj/Air       0%         2-2/arc   100%        2
 Dazzling Flash           Conj/Hex       0%         N/A       100%        3
 Mephitic Cloud           Conj/Pois/Air  0%         N/A       100%        3
 Ozocubu's Armour         Ice            0%         N/A       100%        3
 Spider Form              Tmut/Pois      0%         N/A       100%        3
 Summon Guardian Golem    Hex/Summ       0%         N/A       100%        3
 Swiftness                Air            0%         N/A       100%        3
 Vhi's Electric Charge    Tloc/Air       0%         N/A       100%        3
 Airstrike                Air            0%         2d(0-16)  100%        4
 Anguish                  Hex/Necr       0%         N/A       100%        4
 Flame Wave               Conj/Fire      0%         2d4       100%        4
 Olgreb's Toxic Radiance  Pois           0%         N/A       100%        4
 Agony                    Necr           0%         N/A       100%        5
 Arcjolt                  Conj/Air       0%         1d10      100%        5
 Lightning Bolt           Conj/Air       0%         1d11      100%        5
 Silence                  Hex/Air        0%         N/A       100%        5
 Summon Forest            Summ/Tloc      0%         N/A       100%        5
 Summon Mana Viper        Hex/Summ       0%         N/A       100%        5
 Summon Cactus Giant      Summ           0%         N/A       100%        6
 Orb of Destruction       Conj           0%         9d5       100%        7
 Ozocubu's Refrigeration  Ice            0%         4d7       100%        7
 Spellforged Servitor     Conj/Summ      0%         N/A       100%        7


Dungeon Overview and Level Annotations

Branches:
Dungeon (14/15)            Temple (1/1) D:4            Lair (5/5) D:10
  Swamp (0/4) Lair:2        Snake (0/4) Lair:3        Slime (0/5) Lair:4
    Orc (0/2) D:9          Vaults (0/5) D:13         Bailey (visited)
  IceCv (visited)

Altars:
Ashenzari
Cheibriados
Dithmenos
Elyvilon
Fedhas
Gozag
Hepliaklqana
Kikubaaqudgha
Makhleb
Nemelex Xobeh
Okawaru
Qazlal
Ru
Sif Muna
Trog
Uskayaw
Vehumet
Wu Jian
Xom
Yredelemnul
Zin
The Shining One
Jiyva

Shops:
D:10 (

Annotations:
D:3 1 transporter, postfeelist's ghost, amateur HOFi
D:4 1 runed translucent door, Crazy Yiuf
D:6 1 runed translucent door, anet's ghost, novice HOCj
D:7 4 runed translucent doors
D:12 1 runed translucent door


Message History

The yak snorts and paws the ground.
The yak gores you but does no damage. The death yak gores you!
You are too injured to fight recklessly!
The death yak attacks as you move away! You block the death yak's attack.
The death yak attacks as you move away! You block the death yak's attack.
You sock the death yak!
Your weapon exudes an aura of protection.
The death yak is lightly wounded.
The death yak gores you.
Press: ? - help, Dir - move target, f/p - death yak Heal: a death yak (lightly wounded, chance to pacify: 66%)
The light of Elyvilon fails to reach the death yak.
The death yak gores you!
* * * LOW HITPOINT WARNING * * *
Press: ? - help, Dir - move target, f/p - death yak Heal: a death yak (lightly wounded, chance to pacify: 66%)
The light of Elyvilon fails to reach the death yak.
The death yak gores you!
* * * LOW HITPOINT WARNING * * *
The death yak attacks as you move away! You block the death yak's attack.
Press: ? - help, Dir - move target, f/p - death yak Heal: a death yak (lightly wounded, chance to pacify: 66%)
The light of Elyvilon fails to reach the death yak.
You block the death yak's attack.
Okay, then.
The death yak closely misses you.
Okay, then.
The death yak attacks as you move away!
The death yak gores you but does no damage.
The death yak attacks as you move away! You block the death yak's attack. x2
The death yak attacks as you move away! You block the death yak's attack.
The death yak attacks as you move away! You block the death yak's attack.
You block the death yak's attack. The death yak gores you!
* * * LOW HITPOINT WARNING * * *
There is an escape hatch in the ceiling here.
The death yak gores you!
* * * LOW HITPOINT WARNING * * *
The death yak gores you!
You die...

##P.....## ###..........
###......### ##..........
###......8...###...........
#######....8........####.........
#.............8....###..#........
.........8...............###.....
................8.........# #P...
......##......YYYY.....#### ####
......###.......@......#
......###..............#
....##.##......<........#
.......#................P#
.........................#
....P.#.................###....
#.#.#.#...............### .....
#####.P.............### #.....
#.P............### #......


You could see 2 death yaks and 2 yaks.

Vanquished Creatures
  Kirke (D:12)
  Gastronok (Lair:3)
  Snorg (D:12)
  Josephine (Lair:5)
  2 vault guards (Bailey)
  4 catoblepae
  3 hydras
  3 boulder beetles
  2 centaur warriors
  5 two-headed ogres
  4 death yaks
  A deep troll (D:13)
  A necromancer (IceCv)
  Pikel (D:4)
  A deep elf pyromancer (D:13)
  3 harpies (D:14)
  A wolf spider (Lair:3)
  7 cyclopes
  2 manticores
  19 elephants
  3 black mambas
  A black mamba (shapeshifter) (D:13)
  An ice statue (IceCv)
  A torpor snail (Lair:3)
  16 cane toads
  2 kobold demonologists
  2 rime drakes
  An efreet (D:14)
  7 komodo dragons
  3 anaconda simulacra (IceCv)
  A tengu conjurer (D:13)
  11 ice devils (IceCv)
  3 freezing wraiths (IceCv)
  2 polar bears
  Prince Ribbit (Bailey)
  2 trolls
  4 blink frogs (Lair:4)
  Sigmund (D:4)
  4 slime creatures
  2 shadows
  2 dire elephant simulacra (IceCv)
  4 wraiths
  3 humans (Bailey)
  39 yaks
  6 basilisks
  2 wyverns
  6 death yak simulacra
  A basilisk (shapeshifter) (D:14)
  A harpy simulacrum (IceCv)
  12 water moccasins
  3 hydra simulacra (IceCv)
  6 orc warriors
  3 sky beasts (D:7)
  Duvessa (D:4)
  2 ice beasts (D:5)
  6 black bears
  3 ogres (D:9)
  8 wolves
  3 centaurs
  6 phantoms
  15 bullfrogs
  4 gnoll sergeants
  7 kobold brigands
  4 necrophages
  3 two-headed ogre simulacra (IceCv)
  A scorpion (D:6)
  5 cane toad simulacra
  6 wights
  Dowan (D:4)
  3 elephant simulacra (IceCv)
  4 killer bees (D:11)
  An electric eel (Lair:1)
  5 howler monkeys
  A crimson imp (D:6)
  2 jellies
  3 hounds
  4 orc priests
  A spriggan simulacrum (IceCv)
  12 orc wizards
  6 polar bear simulacra (IceCv)
  2 wolf simulacra (IceCv)
  Robin (D:3)
  27 gnolls
  8 adders
  4 white imps
  2 ufetubi
  A worm (D:3)
  2 dart slugs (D:1)
  35 orcs
  8 ball pythons
  8 endoplasms
  4 giant cockroaches
  8 hobgoblins
  6 jackals (D:4)
  A quokka (D:4)
  4 bats
  7 frilled lizards
  20 goblins
  10 kobolds
  5 rats
  A spectral orc (D:5)
500 creatures vanquished.

Vanquished Creatures (collateral kills)
  An ogre (D:6)
  2 kobold brigands (D:9)
  A gnoll sergeant (D:5)
  2 gnolls
  3 orcs
9 creatures vanquished.

Vanquished Creatures (others)
  A centaur warrior (D:13)
  3 death yaks
  A wizard (D:13)
  A manticore (Lair:5)
  2 elephants (Lair:4)
  A hornet (D:8)
  A yak (Lair:3)
  A vampire (D:9)
  2 humans (D:12)
  A basilisk (Lair:4)
  A cane toad simulacrum (Lair:4)
  A gnoll sergeant (D:9)
  A howler monkey (D:9)
  2 orc wizards
  A polar bear simulacrum (Lair:4)
  2 gnolls
  A naga simulacrum (IceCv)
  4 orcs
  19 fungi
  78 plants
  A withered plant (D:14)
125 creatures vanquished.

Grand Total: 634 creatures vanquished

Notes
Turn   | Place    | Note
-------+----------+-------------------------------------------
     0 | D:1      | Lavandula the Human Monk began the quest for the Orb.
     0 | D:1      | Reached XP level 1. HP: 18/18 MP: 1/1
    92 | D:1      | Reached XP level 2. HP: 23/24 MP: 2/2
   336 | D:1      | Reached XP level 3. HP: 25/29 MP: 3/3
  1382 | D:3      | Noticed postfeelist's ghost (amateur HOFi)
  1382 | D:3      | Found a transporter.
  1384 | D:3      | Noticed a wight
  1486 | D:3      | HP: 1/29 [orc priest/nerve-wracking pain (11)]
  1488 | D:3      | Reached XP level 4. HP: 1/35 MP: 4/4
  1657 | D:3      | Reached skill level 5 in Long Blades
  1701 | D:3      | Noticed Robin
  1785 | D:4      | Noticed Sigmund
  1861 | D:3      | Reached skill level 1 in Short Blades
  1879 | D:3      | Reached XP level 5. HP: 37/41 MP: 5/5
  2100 | D:3      | Killed Robin
  2325 | D:4      | Noticed a lemure
  2325 | D:4      | Noticed a lemure
  2325 | D:4      | Noticed a lemure
  2325 | D:4      | Noticed a lemure
  2325 | D:4      | Noticed Pikel
  2415 | D:4      | Killed Sigmund
  2416 | D:4      | Reached XP level 6. HP: 25/47 MP: 6/6
  2542 | D:4      | Found a hazy altar of Hepliaklqana.
  2574 | D:4      | Killed Pikel
  2575 | D:4      | Reached XP level 7. HP: 27/52 MP: 7/7
  2575 | D:4      | Reached XP level 8. HP: 30/58 MP: 8/8
  2746 | D:4      | Found a runed translucent door.
  2747 | D:4      | Noticed Crazy Yiuf
  3054 | D:4      | Noticed Dowan
  3055 | D:4      | Found a staircase to the Ecumenical Temple.
  3057 | D:4      | Noticed Duvessa
  3087 | D:4      | Killed Dowan
  3116 | D:4      | Killed Duvessa
  3132 | Temple   | Entered the Ecumenical Temple
  3355 | Temple   | Became a worshipper of Elyvilon the Healer
  3355 | Temple   | Reached * piety under Elyvilon
  3355 | Temple   | Reached ** piety under Elyvilon
  3852 | D:5      | Entered Level 5 of the Dungeon
  4147 | D:5      | Found a sparkling altar of Nemelex Xobeh.
  4149 | D:5      | Found an ornate altar of the Wu Jian Council.
  4538 | D:5      | Reached XP level 9. HP: 29/63 MP: 9/9
  4797 | D:5      | Found a basalt altar of Yredelemnul.
  5168 | D:5      | Reached *** piety under Elyvilon
  5717 | D:6      | Found a sacrificial altar of Ru.
  6200 | D:6      | Found a shimmering altar of Xom.
  6214 | D:6      | Reached skill level 10 in Long Blades
  6281 | D:6      | Found a runed translucent door.
  6282 | D:6      | Noticed anet's ghost (novice HOCj)
  6697 | D:6      | Reached **** piety under Elyvilon
  6757 | D:6      | Reached skill level 1 in Invocations
  6882 | D:6      | Reached XP level 10. HP: 51/70 MP: 11/11
  7175 | D:7      | Found a flagged portal.
  7181 | Bailey   | Entered a bailey
  7237 | Bailey   | Reached skill level 5 in Invocations
  7364 | Bailey   | Noticed a vault guard
  7364 | Bailey   | Noticed Prince Ribbit
  7379 | Bailey   | Killed a vault guard
  7382 | Bailey   | Killed Prince Ribbit
  7418 | Bailey   | Noticed a vault guard
  7434 | Bailey   | Killed a vault guard
  8051 | D:7      | Found a shimmering blue altar of Sif Muna.
  8084 | D:7      | Found a large runed translucent door.
  8084 | D:7      | Noticed a gargoyle
  8092 | D:7      | Found a large runed translucent door.
  8134 | D:7      | Reached skill level 1 in Shields
  8134 | D:7      | Reached XP level 11. HP: 75/75 MP: 18/18
  8159 | D:7      | Found a large runed translucent door.
  8159 | D:7      | Found a large runed translucent door.
  8521 | D:7      | Reached skill level 5 in Shields
  9339 | D:8      | Noticed a centaur warrior
  9346 | D:8      | Noticed a centaur warrior
  9354 | D:8      | Killed a centaur warrior
  9360 | D:8      | Pacified a centaur warrior
  9806 | D:9      | Reached ***** piety under Elyvilon
  9887 | D:9      | Reached skill level 1 in Armour
 10447 | D:9      | Found a glowing golden altar of the Shining One.
 10471 | D:9      | Reached skill level 5 in Armour
 10931 | D:9      | Found a staircase to the Orcish Mines.
 10940 | D:9      | Reached XP level 12. HP: 42/81 MP: 19/19
 11692 | D:9      | Found a broken altar of Ashenzari.
 11724 | D:10     | Entered Level 10 of the Dungeon
 11730 | D:10     | Found a staircase to the Lair.
 11741 | D:10     | Found an ancient bone altar of Kikubaaqudgha.
 11799 | D:10     | Found a stormy altar of Qazlal.
 11855 | D:10     | Found Exkoig's Weapon Shoppe.
 11885 | D:10     | Noticed a two-headed ogre
 11896 | D:10     | Killed a two-headed ogre
 12359 | D:11     | Reached skill level 1 in Maces & Flails
 12374 | D:11     | Reached skill level 2 in Maces & Flails
 12545 | D:11     | Reached skill level 3 in Maces & Flails
 12925 | D:11     | Noticed a two-headed ogre
 12936 | D:11     | Killed a two-headed ogre
 12937 | D:11     | Reached skill level 4 in Maces & Flails
 13054 | D:10     | Bought a +5 flail of protection for 499 gold pieces
 13100 | D:11     | Reached skill level 5 in Maces & Flails
 13191 | D:11     | Noticed a two-headed ogre
 13202 | D:11     | Killed a two-headed ogre
 13419 | D:11     | Reached skill level 6 in Maces & Flails
 13773 | D:12     | Noticed a boulder beetle
 13808 | D:12     | Killed a boulder beetle
 13809 | D:12     | Reached skill level 7 in Maces & Flails
 13925 | D:12     | Found a hazy altar of Hepliaklqana.
 14008 | D:12     | Noticed Snorg
 14030 | D:12     | Killed Snorg
 14282 | D:12     | Found a runed translucent door.
 14282 | D:12     | Noticed a centaur warrior
 14282 | D:12     | Noticed an entropy weaver
 14282 | D:12     | an entropy weaver changed into a polar bear
 14288 | D:12     | Noticed a two-headed ogre
 14289 | D:12     | Identified the +5 scale mail of Ehaxuoza {*Slow rN+ Will+
                  | Stlth+}
 14289 | D:12     | Noticed a skeletal warrior
 14289 | D:12     | Noticed a centaur warrior
 14327 | D:12     | Reached skill level 8 in Maces & Flails
 14418 | D:12     | Reached XP level 13. HP: 86/86 MP: 20/20
 14588 | D:12     | Noticed Kirke
 14622 | D:12     | Killed Kirke
 14634 | D:12     | Reached skill level 9 in Maces & Flails
 14955 | D:12     | Reached ****** piety under Elyvilon
 14993 | D:12     | Found a portal to a secret trove of treasure.
 15334 | Trove    | Entered a treasure trove
 15338 | Trove    | Identified the amulet "Gips" {Reflect Harm rPois rN+ Int-4
                  | SH+5}
 15340 | Trove    | Identified the ring of Ikhleramm {Drain rF+ rN+ Str+4}
 15349 | Trove    | Identified the ring of Linearity {Ice rPois rN+ Str-3}
 15357 | Trove    | Identified the ring "Durem" {rPois rN+ Will+ Int-5 Dex+3}
 15364 | Trove    | Identified the ring of Feriampu {rElec rC+}
 15368 | Trove    | Identified the amulet "Fokie" {Spirit +Blink}
 15542 | D:13     | Noticed a centaur warrior
 15596 | D:13     | Reached skill level 10 in Maces & Flails
 16095 | D:13     | Reached skill level 11 in Maces & Flails
 16209 | D:13     | Noticed a centaur warrior
 16222 | D:13     | Killed a centaur warrior
 16796 | D:13     | Found a gate to the Vaults.
 17230 | D:14     | Reached skill level 12 in Maces & Flails
 17428 | D:14     | Noticed a catoblepas
 17453 | D:14     | Killed a catoblepas
 17756 | D:14     | Noticed a six-headed hydra
 17770 | D:14     | Killed a six-headed hydra
 18352 | Lair:1   | Entered Level 1 of the Lair of Beasts
 18389 | Lair:1   | Reached skill level 13 in Maces & Flails
 18486 | Lair:1   | You fall into a shaft and drop 1 floor!
 19135 | Lair:1   | Reached XP level 14. HP: 93/93 MP: 21/21
 19606 | Lair:2   | Found a staircase to the Swamp.
 20003 | Lair:3   | Noticed Nergalle
 20025 | Lair:3   | Pacified Nergalle
 20633 | Lair:3   | Reached skill level 10 in Shields
 21437 | Lair:3   | Found a staircase to the Snake Pit.
 21598 | Lair:3   | Noticed Gastronok
 21850 | Lair:4   | Found a frozen archway.
 21872 | Lair:4   | Reached skill level 1 in Evocations
 21908 | IceCv    | Entered an ice cave
 22891 | IceCv    | Found an ancient bone altar of Kikubaaqudgha.
 23387 | IceCv    | Reached skill level 5 in Evocations
 23410 | IceCv    | Reached XP level 15. HP: 85/98 MP: 16/22
 24918 | Lair:4   | Found a viscous altar of Jiyva.
 24918 | Lair:4   | Found a staircase to the Slime Pits.
 25553 | Lair:3   | Killed Gastronok
 26236 | Lair:5   | Entered Level 5 of the Lair of Beasts
 26494 | Lair:5   | Noticed Josephine
 26517 | Lair:5   | Killed Josephine
 26727 | Lair:5   | Reached skill level 5 in Fighting
 27836 | Lair:5   | HP: 1/108 [death yak (14)]
 27836 | Lair:5   | Mangled by a death yak

Illustrated notes

Levels and vault maps discovered:
D:1:      dpeg_arrival_more_subterranean_lakeside_camping, layout_basic
D:2:      layout_rooms, kennysheep_boxes
D:3:      layout_basic, gammafunk_ghost_mausoleum, uniq_robin
D:4:      layout_basic, mainiacjoe_overflow_boulevard,
          minmay_temple_entry_sparse_star, uniq_duvessa, uniq_sigmund,
          uniq_pikel, uniq_crazy_yiuf_cottage
D:5:      layout_loops_corners, yredelemnul_forgotten_temple_becter,
          jmf_multi_god_temple, st_stairs_7, chequers_garden,
          chequers_serial_rivers_micro_b, lightli_minifort
D:6:      layout_basic, nicolae_ru_sacrificial_ziggurat,
          mainiacjoe_overflow_chevrons, ebering_ghost_inner_flame,
          hangedman_decor_opposing, chequers_serial_rivers_micro_c,
          minmay_misc_feat_pillars, minmay_fire_ice_demons
D:7:      layout_rooms, lemuel_round_altar, enter_bailey_3,
          minmay_hollow_rounded_squares
D:8:      minmay_distorted_concentric_squares, layout_gridville,
          nicolae_lava_and_water
D:9:      layout_long_grid, mainiacjoe_overflow_big_doors,
          kennysheep_orc_monster_closet_entryway
D:10:     layout_loops_cross, kiku_gazebo_garden_becter,
          mainiacjoe_overflow_tiny_flanked, lair_entry_dummy, serial_shops,
          nicolae_shop_bloodbath_and_beyond
D:11:     layout_long_grid
D:12:     layout_loops_corners, trove_entry_hex_spiral, minmay_st_funbox,
          worldfamousw_hep_ancestral_shrine, uniq_snorg, uniq_kirke
D:13:     layout_loops_ring, david_vaults_4
D:14:     layout_layer_cave, argonaut_gorgonesque
Temple:   grunt_temple_mini_profane
Lair:1:   layout_cave_pods, serial_rivers, chequers_serial_rivers_large_b,
          chequers_serial_rivers_micro_a, chequers_serial_rivers_marsh,
          chequers_serial_rivers_micro_a, nicolae_quartered_pool_medium,
          beast_lair_carwin_5
Lair:2:   layout_hall_layers, swamp_mist_pool, gauntlet_entry_generic,
          nicolae_lair_grove_arrangements, st_stairs_12
Lair:3:   nzn_winding_woodlands_cross [nzn_winding_woodlands_5x15_pool,
          nzn_winding_woodlands_5x15_longhouse,
          nzn_winding_woodlands_5x15_concentric,
          nzn_winding_woodlands_5x15_cabin,
          nzn_winding_woodlands_15x15_eel_pit], layout_cave_pods, serial_forest,
          infiniplex_forest_end_1, infiniplex_forest_side_room,
          infiniplex_forest_clump_diagonal, infiniplex_forest_corner_1,
          infiniplex_forest_lined_3, infiniplex_forest_corner_1,
          infiniplex_forest_straight_3, infiniplex_forest_straight_2,
          infiniplex_forest_pool, serial_bayou_shore_b, uniq_gastronok,
          uniq_nergalle
Lair:4:   layout_cave_pods, dpeg_slime_entry_enclosed,
          portal_ice_cave_entry_ice_simulacra, minivault_11
Lair:5:   evilmike_catoblepas_cave, layout_cave_pods, uniq_josephine

Skill      XL: |  1  2  3  4  5  6  7  8  9 10 11 12 13 14 15 |
---------------+----------------------------------------------+-----
Long Blades    | 4 5 7 10 | 10.2
Short Blades   | 1 4 7 8 |  8.1
Invocations    | 2 9 |  9.8
Shields        | 1 7 12 | 12.0
Armour         | 5 7 |  7.9
Maces & Flails | 8 13 | 13.1
Evocations     | 5 9 |  9.6
Fighting       | 7 |  7.4
Dodging        | |  3.0
Stealth        | |  2.0

Action                     |  1- 3 |  4- 6 |  7- 9 | 10-12 | 13-15 || total
---------------------------+-------+-------+-------+-------+-------++-------
  Melee: Falchion          |    85 |    12 |   262 |   732 |       ||  1091
         Punch             |     1 |       |     7 |     1 |       ||     9
         Short sword       |       |   110 |    55 |    38 |       ||   203
         Long sword        |       |       |    61 |       |       ||    61
         Flail             |       |       |       |   119 |  1652 ||  1771
         Unarmed           |       |       |       |       |    13 ||    13
  Throw: Dart              |     1 |     3 |     6 |    30 |     7 ||    47
         Throwing net      |       |       |     2 |     2 |       ||     4
         Boomerang         |       |       |       |    20 |    20 ||    40
 Invoke: Heal Other        |       |       |       |     9 |    34 ||    43
         Heal Self         |       |       |       |     2 |       ||     2
  Evoke: Wand              |       |       |       |       |     8 ||     8
    Use: Scroll            |       |     2 |     1 |    24 |    11 ||    38
         Potion            |       |       |       |     1 |     2 ||     3
   Stab: Sleeping          |     4 |     2 |     7 |       |       ||    13
         Distracted        |       |     1 |       |       |       ||     1
         Petrified         |       |       |       |       |    13 ||    13
         Petrifying        |       |       |       |       |     1 ||     1
 Armour: Robe              |    13 |     2 |    65 |       |       ||    80
         Ring mail         |    13 |       |       |       |       ||    13
         Chain mail        |     3 |    44 |       |       |       ||    47
         Plate armour      |       |       |     6 |   404 |  1031 ||  1441
  Dodge: Dodged            |    54 |    30 |   254 |   428 |   572 ||  1338
  Block: Buckler           |       |       |       |   182 |    81 ||   263
         Kite shield       |       |       |       |       |   880 ||   880
         Reflection        |       |       |       |       |     3 ||     3

Table legend: (Time is in decaauts)
 A = Elapsed time spent in this place.
 B = Non-inter-level travel time spent in this place.
 C = Inter-level travel time spent in this place.
 D = Time resting spent in this place.
 E = Time spent auto-exploring this place.
 F = Levels seen in this place.
 G = Mean time per level.
                   A        B        C        D        E       F      G
               +--------+--------+--------+--------+--------+-----+--------+
         Total |  28499 |  27361 |   1138 |   3182 |  17868 |  23 | 1239.1 |
       Dungeon |  17857 |  16988 |    869 |   1599 |  11935 |  14 | 1275.5 |
        Temple |    247 |    224 |     23 |      0 |    219 |   1 |  247.0 |
          Lair |   7603 |   7358 |    245 |    684 |   4769 |   5 | 1520.6 |
         Trove |     51 |     51 |      0 |      0 |      0 |   1 |   51.0 |
        Bailey |    526 |    526 |      0 |     86 |    272 |   1 |  526.0 |
      Ice Cave |   2213 |   2213 |      0 |    813 |    672 |   1 | 2213.0 |
               +--------+--------+--------+--------+--------+-----+--------+

Top non-repeatable levels by time:
  Lair:3: 2232 daAuts
   IceCv: 2213 daAuts
    D:12: 2000 daAuts
     D:9: 1799 daAuts
  Lair:4: 1720 daAuts
     D:5: 1680 daAuts
     D:6: 1546 daAuts
    D:14: 1498 daAuts
  Lair:5: 1407 daAuts
    D:13: 1397 daAuts
    D:11: 1315 daAuts
     D:8: 1309 daAuts
     D:4: 1241 daAuts
  Lair:1: 1121 daAuts
  Lair:2: 1121 daAuts
